AoeStats
← AR

Arabia

505596839Analyzed
1v1 RM · 22d ago on Sep 10, 2026· 72m 31s· 2 players
Game mode
Random Map
Map size
Tiny (2 player)
Population
200
Speed
Normal
Resources
Standard
Victory
Conquest
Starting age
Dark Age
Ending age
Imperial Age
RankedLock teamsTeams togetherTeam positionsShared explorationLock speedFull tech treeHidden civsTurbo modeCheats
Victory
Defeat
🇨🇴 Persians · Colombia
986
+16
🇨🇴 Spanish · Colombia
983
-16
saquese4
5:28 Loom
9:12 Feudal Age
9:41 Double-Bit Axe
9:47 Horse Collar
16:00 Gold Mining
21:29 Castle Age
19:46 Stone Mining
20:56 Fletching
22:27 Bow Saw
22:25 Heavy Plow
24:21 Stone Shaft Mining
27:34 Forging
27:16 Pikeman
29:45 Bloodlines
29:59 Husbandry
30:58 Fervor
34:43 Imperial Age
32:01 Town Watch
32:22 Man-at-Arms
33:54 Scale Barding Armor
33:49 Bodkin Arrow
34:30 Squires
35:12 Halberdier
35:59 Elite Skirmisher
38:37 Chemistry
37:33 Murder Holes
37:58 Ballistics
40:10 Wheelbarrow
41:07 Two-Man Saw
40:38 Gambesons
44:06 Thumb Ring
43:25 Light Cavalry
45:52 Cavalier
47:05 Bracer
47:40 Iron Casting
47:07 Padded Archer Armor
47:27 Chain Barding Armor
46:35 Long Swordsman
47:12 Hussar
51:40 Two-Handed Swordsman
58:59 Two-Handed Swordsman
61:28 Blast Furnace
60:45 Leather Archer Armor
AR
8:01 Loom
10:18 Feudal Age
21:01 Bloodlines
25:11 Castle Age
23:09 Double-Bit Axe
23:06 Horse Collar
23:17 Gold Mining
24:02 Forging
24:42 Scale Barding Armor
25:02 Scale Mail Armor
25:12 Pikeman
28:07 Iron Casting
27:42 Husbandry
28:39 Wheelbarrow
28:41 Chain Barding Armor
28:57 Chain Mail Armor
28:31 Gambesons
30:42 Hand Cart
32:05 Gold Shaft Mining
34:04 Heavy Plow
34:16 Bow Saw
33:58 Stone Mining
39:24 Imperial Age
39:39 Stone Shaft Mining
39:08 Elite Skirmisher
39:43 Heavy Camel Rider
39:58 Elite Skirmisher
41:44 Blast Furnace
41:19 Plate Barding Armor
41:50 Fletching
42:01 Padded Archer Armor
41:28 Cavalier
45:33 Heavy Scorpion
45:35 Savar
47:15 Leather Archer Armor
46:55 Bodkin Arrow
47:53 Ballistics
50:32 Chemistry
58:11 Conscription
58:37 Light Cavalry
69:48 Town Watch
Connection lost

Rejoining the realm…

Still unreachable

The connection could not be restored.

Session expired

The server has moved on; the page needs a fresh start.